 Dungeon Crawl Stone Soup version 0.21.1-1-g345015fe64 (webtiles) character file.

74 btimofeev the Skirmisher (level 4, -3/41 HPs)
             Began as a Minotaur Berserker on July 23, 2018.
             Was a Believer of Trog.
             Slain by Sigmund
             ... wielding a cursed -1 scythe
              (10 damage)
             ... on level 2 of the Dungeon.
             The game lasted 00:12:08 (1058 turns).

btimofeev the Skirmisher (Minotaur Berserker)       Turns: 1058, Time: 00:12:08

Health: -3/41      AC:  9    Str: 21    XL:     4   Next: 10%
Magic:  3/3        EV:  8    Int:  4    God:    Trog [**....]
Gold:   81         SH:  0    Dex: 11    Spells: 3/3 levels left

rFire    . . .     SeeInvis .   a - +0 falchion
rCold    . . .     Gourm    .   (no shield)
rNeg     . . .     Faith    .   l - +0 chain mail
rPois    .         Spirit   .   (helmet restricted)
rElec    .         Reflect  .   (no cloak)
rCorr    .         Harm     .   (no gloves)
MR       .....                  (no boots)
Stlth    ..........             (no amulet)
HPRegen  0.13/turn              (no ring)
MPRegen  0.08/turn              (no ring)

@: no status effects
A: retaliatory headbutt, horns 2
a: Berserk, Trog's Hand, Burn Spellbooks, Renounce Religion


You were on level 2 of the Dungeon.
You worshipped Trog.
Trog was pleased with you.
You were not hungry.

You visited 1 branch of the dungeon, and saw 2 of its levels.

You collected 81 gold pieces.

Inventory:

Hand Weapons
 a - a +0 falchion (weapon)
 b - a +0 hunting sling of flaming
Missiles
 f - 4 javelins
 i - 37 stones (quivered)
 o - a throwing net
Armour
 j - a +0 animal skin
 l - a +0 chain mail (worn)
Scrolls
 d - a scroll of fog {unknown}
 h - 2 scrolls of identify {unknown}
 k - a scroll of magic mapping {unknown}
 m - a scroll of noise {unknown}
 n - a scroll of teleportation {unknown}
Potions
 e - a potion of degeneration {unknown}
 g - a potion of curing {unknown}
 q - a potion of flight {unknown}
 r - a potion of heal wounds {unknown}
Comestibles
 c - 2 rations


   Skills:
 + Level 4.5 Fighting
 + Level 4.4 Long Blades
 + Level 1.0(1.1) Slings
 + Level 0.2(0.6) Throwing
 + Level 3.0 Armour
 + Level 2.6 Dodging
 + Level 0.1 Stealth


You had 3 spell levels left.
You didn't know any spells.

Dungeon Overview and Level Annotations

Branches:
Dungeon (2/15)

Altars:

Annotations:
D:2 Sigmund


Innate Abilities, Weirdness & Mutations

You reflexively headbutt those who attack you in melee.
You have a pair of horns on your head.


Message History

You bump into the rock wall.
You bump into the rock wall.
Something hits you.
You bump into the rock wall.
Something hits you but does no damage.
You're too confused to move!
You recover from your berserk rage.
You bump into the rock wall.
You feel less confused.
You hear some strange, mumbled words.
You are confused.
Something hits you!
* * * LOW HITPOINT WARNING * * *
You bump into the rock wall.
You hear some strange, mumbled words.
Something tries to affect you, but you resist.
Something hits you but does no damage.
You bump into the rock wall.
You bump into the rock wall.
You feel less confused. Something hits you!
You die...

#.......).# #....#
+.........# ####....#
#.........# #.......#
#.........# #.......#
###.####### #........
#†# ######........ #.#
#.............
#.#######............#
#..{.@...........)...#
##########........)...
######....... #.......
###..... ### #.....
#.# #..... #.# #..
#..... #.# #.# #.####


There were no monsters in sight!

Vanquished Creatures
  Natasha (D:2)
  An adder (D:2)
  An ooze (D:2)
  A leopard gecko (D:1)
  A giant cockroach (D:1)
  6 goblins (D:1)
  5 hobgoblins
  3 jackals (D:1)
  5 bats
  4 frilled lizards
  4 kobolds
  2 rats
34 creatures vanquished.

Notes
Turn   | Place    | Note
-------+----------+-------------------------------------------
     0 | D:1      | btimofeev the Minotaur Berserker began the quest for the Orb.
     0 | D:1      | Reached XP level 1. HP: 19/19 MP: 0/0
   306 | D:1      | Reached XP level 2. HP: 27/27 MP: 1/1
   621 | D:1      | Reached XP level 3. HP: 33/33 MP: 2/2
   988 | D:2      | Noticed Sigmund
  1011 | D:2      | Reached ** piety under Trog
  1018 | D:2      | Noticed Natasha
  1036 | D:2      | Killed Natasha
  1036 | D:2      | Reached skill level 1 in Slings
  1036 | D:2      | Reached XP level 4. HP: 26/41 MP: 3/3
  1058 | D:2      | Slain by Sigmund

Skill      XL: |  1  2  3 |
---------------+----------+-----
Long Blades    | 4 |  4.4
Fighting       | 4 |  4.5
Slings         | 1 |  1.0
Armour         | 3 |  3.0
Throwing       | |  0.2
Dodging        | |  2.6
Stealth        | |  0.1

Action                   |  1- 3 |  4- 6 || total
-------------------------+-------+-------++-------
Melee: Falchion          |    60 |       ||    60
       Headbutt          |     4 |       ||     4
 Fire: Hunting sling     |    23 |       ||    23
Throw: Stone             |    18 |       ||    18
Invok: Berserk           |     1 |       ||     1
       Trog's Hand       |     1 |       ||     1
  Eat: Ration            |       |     1 ||     1
       Chunk             |       |     1 ||     1
Armor: Animal skin       |    10 |       ||    10
       Chain mail        |    26 |     3 ||    29
Dodge: Dodged            |    37 |       ||    37
       Rpst.: Falchion   |     7 |       ||     7
